 Dungeon Crawl Stone Soup version 0.28-a0-1130-gc51a68064b (webtiles) character file.

Game seed: 15057419428604765557

79 avis the Ruffian (level 4, 0/40 HPs)
             Began as a Hill Orc Monk on Dec 12, 2021.
             Slain by Maggie (6 damage)
             ... on level 6 of the Dungeon on Dec 13, 2021.
             The game lasted 00:11:39 (2819 turns).

avis the Ruffian (Hill Orc Monk)                    Turns: 2819, Time: 00:11:40

Health: 0/40       AC:  2    Str: 15    XL:     4   Next: 38%
Magic:  4/4        EV: 12    Int: 10    God:
Gold:   154        SH:  0    Dex: 13    Spells: 3/3 levels left

rFire   . . .      SeeInvis .     - Unarmed
rCold   . . .      Faith    .   (no shield)
rNeg    . . .      Spirit   .   a - +0 robe
rPois   .          Reflect  .   (no helmet)
rElec   .          Harm     .   (no cloak)
rCorr   .          Rampage  .   (no gloves)
Will    .....                   (no boots)
Stlth   ++........              k - amulet of regeneration
HPRegen 0.13/turn               e - ring of flight
MPRegen 0.09/turn               (no ring)

@: flying
A: no striking features
a: no special abilities


You were on level 6 of the Dungeon.
You visited 1 branch of the dungeon, and saw 5 of its levels.

You collected 154 gold pieces.

Inventory:

Hand Weapons
 b - a +0 hunting sling
 h - a +0 spear
 j - a +0 spear
Missiles
 g - 41 stones (quivered)
 m - 19 arrows
 n - 25 sling bullets
Armour
 a - a +0 robe (worn)
 q - a +0 leather armour
Jewellery
 e - a ring of flight (left hand)
 k - an amulet of regeneration (around neck)
Wands
 r - a wand of mindburst (10)
Scrolls
 d - 4 scrolls of teleportation {unknown}
 f - a scroll of torment {unknown}
 i - 3 scrolls of identify {unknown}
 o - a scroll of enchant armour {unknown}
 p - a scroll of immolation {unknown}
Potions
 c - a potion of brilliance
 l - a potion of cancellation {unknown}


   Skills:
 + Level 4.1 Fighting
 - Level 2.4 Dodging
 - Level 1.5 Stealth
 * Level 5.3 Unarmed Combat


You had 3 spell levels left.
You didn't know any spells.
Your spell library was empty.

Dungeon Overview and Level Annotations

Branches:
Dungeon (6/15)
 Temple: D:4-7

Altars:

Annotations:
D:2 One glass case, exclusion: door, Crazy Yiuf
D:6 Maggie


Message History

Found a short sword.
You see here a +0 short sword.
You start resting.
HP restored.
You reach down and open the door.
There is an open door here.
Found 27 bolts.
A centaur zombie comes into view.
Found 15 gold pieces.
You now have 154 gold pieces (gained 15).
You are now empty-handed.
Maggie the Vainglorious comes into view.
She is wielding a +0 scimitar of freezing.
Maggie shouts!
Maggie drinks a potion.
Maggie's spells are empowered!
There is an open door here.
Maggie says, "Did Master Lance send you?"
Maggie points at you and mumbles some strange words.
The bolt of fire hits you!!
Ouch! That really hurt!
You see here a +0 short sword.
As you close the door, it creaks loudly!
You start putting on your amulet.
You continue putting on your amulet of regeneration. x5
You finish putting on your amulet of regeneration.
The amulet cannot attune itself to your injured body.
k - an amulet of regeneration (around neck)
You completely miss Maggie. Maggie completely misses you.
You barely miss Maggie.
Maggie hits you with a +0 scimitar of freezing.
Maggie freezes you.
You hit Maggie.
Maggie is lightly wounded.
Maggie hits you with a +0 scimitar of freezing.
* * * LOW HITPOINT WARNING * * *
Maggie freezes you.
* * * LOW HITPOINT WARNING * * *
You hit Maggie but do no damage.
Maggie is lightly wounded.
Maggie hits you with a +0 scimitar of freezing.
You die...

########### ###.........#### ###
...............##### #.#
...................# #.#
...................# #.#
...................# #.####
...............#############.....
...............@@................
...............#########.....####
...............#### #.#.#.#
..................# #.#.#...
#########.#######.# #.#.#....
#....(# # .........# ........#
#.#.#.##.# ........# ....#.# .#
.......@. ..[.#


You could see Maggie (empowered).

Vanquished Creatures
  2 adders (D:2)
  2 worms
  A dart slug (D:1)
  2 orcs (D:3)
  8 endoplasms
  4 giant cockroaches
  5 goblins
  3 hobgoblins (D:1)
  4 jackals (D:2)
  4 ball pythons
  4 bats (D:2)
  3 frilled lizards (D:1)
  5 kobolds
47 creatures vanquished.

Vanquished Creatures (others)
  A plant (D:3)
1 creature vanquished.

Grand Total: 48 creatures vanquished

Notes
Turn   | Place    | Note
-------+----------+-------------------------------------------
     0 | D:1      | avis the Hill Orc Monk began the quest for the Orb.
     0 | D:1      | Reached XP level 1. HP: 19/19 MP: 1/1
   527 | D:1      | Reached XP level 2. HP: 26/26 MP: 2/2
   548 | D:1      | Reached skill level 4 in Unarmed Combat
  1130 | D:1      | Found a faded altar of an unknown god.
  1148 | D:1      | Reached XP level 3. HP: 31/31 MP: 3/3
  1636 | D:2      | Reached skill level 5 in Unarmed Combat
  1860 | D:2      | Reached XP level 4. HP: 30/40 MP: 4/4
  2460 | D:2      | Found a runed translucent door.
  2461 | D:2      | Noticed Crazy Yiuf
  2663 | D:3      | You are sucked into a shaft and drop 3 floors!
  2665 | D:6      | Noticed a bullfrog
  2673 | D:6      | Noticed a phantom
  2721 | D:5      | Entered Level 5 of the Dungeon
  2721 | D:5      | Noticed a rust devil
  2721 | D:5      | Noticed an orc warrior
  2721 | D:5      | Noticed a rust devil
  2721 | D:5      | Noticed an orc warrior
  2802 | D:6      | Noticed Maggie
  2819 | D:6      | Slain by Maggie

Illustrated notes

Levels and vault maps discovered:
D:1:      lightli_arrival_chessboard, layout_loops_cross,
          hellmonk_ecumenical_altar_inner_sanctum
D:2:      layout_rooms, kennysheep_nondescript, due_unseen_surprise,
          uniq_crazy_yiuf_cottage
D:3:      layout_basic, amcnicky_altar_gilded,
          mainiacjoe_overflow_cross_hatched, serial_bayou_pond_c, minivault_24
D:5:      cheibrodos_iron_armory, layout_cave_pods,
          mainiacjoe_overflow_small_starburst, ebering_ghost_inner_flame
D:6:      layout_basic, lemuel_coloured_pillars_altar, uniq_maggie, uniq_sigmund

Skill      XL: |  1  2  3  4 |
---------------+-------------+-----
Unarmed Combat | 4 5 |  5.3
Fighting       | 4 |  4.1
Dodging        | |  2.4
Stealth        | |  1.5

Action                   |  1- 3 |  4- 6 || total
-------------------------+-------+-------++-------
Melee: Unarmed           |    97 |    38 ||   135
       Punch             |       |     1 ||     1
 Fire: Hunting sling     |    22 |    38 ||    60
 Stab: Sleeping          |     4 |       ||     4
       Distracted        |     1 |       ||     1
Armor: Robe              |    11 |    10 ||    21
Dodge: Dodged            |    50 |    20 ||    70

Table legend: (Time is in decaauts)
 A = Elapsed time spent in this place.
 B = Non-inter-level travel time spent in this place.
 C = Inter-level travel time spent in this place.
 D = Time resting spent in this place.
 E = Time spent auto-exploring this place.
 F = Levels seen in this place.
 G = Mean time per level.
                   A        B        C        D        E       F      G
               +--------+--------+--------+--------+--------+-----+--------+
         Total |   2807 |   2651 |    156 |    855 |   1046 |   5 |  561.4 |
       Dungeon |   2807 |   2651 |    156 |    855 |   1046 |   5 |  561.4 |
               +--------+--------+--------+--------+--------+-----+--------+

Top non-repeatable levels by time:
     D:1: 1478 daAuts
     D:2: 1059 daAuts
     D:6: 152 daAuts
     D:3: 115 daAuts
     D:5: 1 daAuts
